 Dungeon Crawl Stone Soup version 0.20.1-1-g8b1a95d (webtiles) character file.

193 letownia2 the Grave Robber (level 5, -2/42 HPs)
             Began as a Deep Dwarf Necromancer on Nov 2, 2017.
             Slain by a bullfrog skeleton (4 damage)
             ... on level 4 of the Dungeon.
             The game lasted 00:05:28 (1410 turns).

letownia2 the Grave Robber (Deep Dwarf Necromancer) Turns: 1410, Time: 00:05:28

Health: -2/42      AC:  3    Str: 12    XL:     5   Next: 44%
Magic:  8/8        EV: 12    Int: 16    God:
Gold:   24         SH:  0    Dex: 13    Spells: 1/8 levels left

rFire    . . .     SeeInvis .   (no weapon)
rCold    . . .     Gourm    .   (no shield)
rNeg     . . .     Faith    .   a - +0 robe
rPois    .         Spirit   .   d - +0 helmet
rElec    .         Reflect  .   (no cloak)
rCorr    .         Harm     .   (no gloves)
MR       .....                  (no boots)
Stlth    ++........             (no amulet)
Regen    0.0/turn               (no ring)
MPRegen  0.2/turn               (no ring)

@: non-regenerating
A: damage resistance, heal wounds, sense surroundings 1, no regeneration
a: Heal Wounds


You were on level 4 of the Dungeon.
You were not hungry.

You visited 1 branch of the dungeon, and saw 4 of its levels.

You collected 24 gold pieces.

Inventory:

Armour
 a - a +0 robe (worn)
 d - a +0 helmet (worn)
 q - a +0 scale mail
Jewellery
 j - an uncursed ring of ice {unknown}
Wands
 p - a wand of random effects (16/48)
Scrolls
 e - a scroll of identify {unknown}
 f - a scroll of fear {unknown}
 i - a scroll of magic mapping {unknown}
 n - a scroll of remove curse {unknown}
Potions
 g - a potion of lignification {unknown}
 m - a potion of haste {unknown}
 o - a potion of curing
Books
 b - a book of Necromancy

   Spells                             Type                      Level
   a - Pain                           Necromancy                   1
   b - Animate Skeleton               Necromancy                   1
   c - Vampiric Draining              Necromancy                   3
   d - Regeneration                   Charms/Necromancy            3
   e - Animate Dead                   Necromancy                   4
   f - Control Undead                 Necromancy                   4
 k - a book of Minor Magic

   Spells                             Type                      Level
   a - Magic Dart                     Conjuration                  1
   b - Blink                          Translocation                2
   c - Call Imp                       Summoning                    2
   d - Slow                           Hexes                        2
   e - Conjure Flame                  Conjuration/Fire             3
   f - Mephitic Cloud                 Conjuration/Poison/Air       3
Comestibles
 c - a bread ration
 h - a meat ration
 l - 2 chunks of flesh


   Skills:
 - Level 2.1 Dodging
 - Level 2.4 Stealth
 + Level 2.2 Spellcasting
 + Level 0.3 Conjurations
 + Level 6.9 Necromancy
 + Level 0.3 Air Magic
 + Level 0.5 Poison Magic


You had one spell level left.
You knew the following spells:

 Your Spells              Type           Power        Failure   Level  Hunger
a - Pain                  Necr           ###.         1%          1    #......
b - Mephitic Cloud        Conj/Pois/Air  #.......     45%         3    ###....
v - Vampiric Draining     Necr           ###.......   3%          3    ###....


Dungeon Overview and Level Annotations

Branches:
Dungeon (4/15)
 Temple: D:4-7

Altars:
Fedhas
Hepliaklqana
Kikubaaqudgha


Innate Abilities, Weirdness & Mutations

You are resistant to damage.
You can heal yourself by infusing magical energy.
You passively map a small area around you.
You do not regenerate.


Message History

The bullfrog skeleton is almost destroyed.
The bullfrog skeleton hits you.
Unknown command.
You hit the bullfrog skeleton.
The bullfrog skeleton is almost destroyed.
The bullfrog skeleton hits you.
* * * LOW HITPOINT WARNING * * *
Unknown command.
You hit the bullfrog skeleton.
The bullfrog skeleton is almost destroyed.
The bullfrog skeleton barely misses you. x2
Unknown command.
You hit the bullfrog skeleton but do no damage.
The bullfrog skeleton is almost destroyed.
The bullfrog skeleton hits you but does no damage.
Unknown command.
You hit the bullfrog skeleton but do no damage.
The bullfrog skeleton is almost destroyed.
The bullfrog skeleton hits you.
You die...

................#....# #.....#..
..........##....#....######'###..
..##..##..##....#...........<....
####..##..#.....#................
#..#...#.....#................
#..#...#.....#................
#..#...+.....#................ ##
#.############................
.###.###.#.....Z@....############
.#....#..#.......[...#......Z..*
.#....#..#...........#.........*
.#..).#.>'...........#.........
.##..#####...........##+# , *###
..#..###....######'###..###+###..
..#..>.'....# #............#...#
..#....#....# #............'...#
..######....#####'####..#########


You could see a bullfrog skeleton.

Vanquished Creatures
  An ogre (D:4)
  A hound (D:4)
  Ijyb (D:4)
  4 adders (D:4)
  An orc (D:4)
  A bat (D:4)
  2 giant cockroaches (D:4)
  3 jackals (D:4)
  2 quokkas (D:4)
  A frilled lizard (D:4)
  A goblin (D:4)
  A jackal skeleton (D:4)
19 creatures vanquished.

Notes
Turn   | Place    | Note
-------+----------+-------------------------------------------
     0 | D:1      | letownia2 the Deep Dwarf Necromancer began the quest for the Orb.
     0 | D:1      | Reached XP level 1. HP: 15/15 MP: 3/3
    81 | D:1      | You fall through a shaft!
    81 | D:2      | Found an ancient bone altar of Kikubaaqudgha.
    81 | D:2      | Noticed a vampire bat
   208 | D:4      | Found a blossoming altar of Fedhas.
   392 | D:4      | Reached XP level 2. HP: 14/22 MP: 0/5
   476 | D:4      | Reached skill level 5 in Necromancy
   539 | D:4      | Reached XP level 3. HP: 18/28 MP: 2/6
   582 | D:4      | Learned a level 3 spell: Vampiric Draining
   716 | D:4      | Noticed an ogre
   759 | D:4      | Killed an ogre
   759 | D:4      | Reached skill level 6 in Necromancy
   759 | D:4      | Reached XP level 4. HP: 31/36 MP: 0/7
   759 | D:4      | Reached XP level 5. HP: 36/42 MP: 0/8
   764 | D:4      | Learned a level 3 spell: Mephitic Cloud
  1110 | D:4      | Found a hazy altar of Hepliaklqana.
  1211 | D:4      | Noticed Ijyb
  1252 | D:4      | Killed Ijyb
  1407 | D:4      | HP: 2/42 [bullfrog skeleton (2)]
  1410 | D:4      | Slain by a bullfrog skeleton

Skill      XL: |  1  2  3 |
---------------+----------+-----
Spellcasting   | 2 |  2.2
Necromancy     | 5 6 |  6.9
Dodging        | |  2.1
Stealth        | |  2.4
Conjurations   | |  0.3
Air Magic      | |  0.3
Poison Magic   | |  0.5

Action                   |  1- 3 |  4- 6 || total
-------------------------+-------+-------++-------
Melee: Unarmed           |     4 |    64 ||    68
Throw: Tomahawk          |     3 |       ||     3
 Cast: Pain              |    26 |    24 ||    50
       Vampiric Draining |     4 |     2 ||     6
  Use: Potion            |     1 |       ||     1
  Eat: Chunk             |       |     3 ||     3
Armor: Robe              |    72 |    19 ||    91
Dodge: Dodged            |   136 |    38 ||   174
